AoeStats
← TIMVP

Arabia

508450483Analyzed
1v1 RM · 9d ago on Sep 22, 2026· 43m 20s· 2 players
Game mode
Random Map
Map size
Tiny (2 player)
Population
200
Speed
Normal
Resources
Standard
Victory
Conquest
Starting age
Dark Age
Ending age
Imperial Age
RankedLock teamsTeams togetherTeam positionsShared explorationLock speedFull tech treeHidden civsTurbo modeCheats
Victory
Defeat
🇵🇪 Romans · Peru
528
+18
🇺🇸 Gurjaras · United States
574
-18
TIMVP
6:00 Loom
11:43 Feudal Age
12:09 Double-Bit Axe
13:10 Wheelbarrow
15:51 Horse Collar
22:02 Castle Age
21:24 Man-at-Arms
23:11 Bow Saw
23:19 Stone Mining
23:49 Long Swordsman
25:26 Gold Mining
27:23 Scale Mail Armor
28:38 Chain Mail Armor
38:11 Imperial Age
36:05 Ballistas
38:17 Heavy Scorpion
DeathByTaxation
12:39 Feudal Age
12:45 Feudal Age
13:15 Double-Bit Axe
15:08 Loom
17:47 Castle Age
20:04 Scale Barding Armor
20:19 Forging
20:24 Bow Saw
19:56 Horse Collar
23:20 Loom
23:39 Fletching
26:53 Padded Archer Armor
26:50 Bodkin Arrow
28:02 Scale Mail Armor
30:38 Town Watch
34:43 Imperial Age
34:31 Light Cavalry
37:02 Wheelbarrow
38:20 Bloodlines
40:02 Thumb Ring
41:17 Conscription
40:49 Hussar
43:14 Leather Archer Armor
Connection lost

Rejoining the realm…

Still unreachable

The connection could not be restored.

Session expired

The server has moved on; the page needs a fresh start.